 Dungeon Crawl Stone Soup version 0.18-a0-1435-gee79d65 (webtiles) character file.

186 Slowtrain the Ruffian (level 5, -1/36 HPs)
             Began as a Minotaur Transmuter on Feb 28, 2016.
             Slain by gorblad's ghost (2 damage)
             ... on level 3 of the Dungeon.
             The game lasted 00:11:43 (2690 turns).

Slowtrain the Ruffian (Minotaur Transmuter)         Turns: 2690, Time: 00:11:43

Health: -1/36      AC: 12    Str: 15      XL:     5   Next: 38%
Magic:  6/6        EV:  4    Int: 10      God:
Gold:   155        SH:  0    Dex: 10 (11) Spells: 1 memorised, 5 levels left

rFire  . . .     SeeInvis .       - Unarmed
rCold  . . .     Gourm    .     e - +0 plate armour
rNeg   . . .     Faith    .     (no shield)
rPois  .         Spirit   .     (helmet restricted)
rElec  .         Dismiss  .     (no cloak)
rCorr  .         Reflect  .     (no gloves)
SustAt .         Harm     .     f - +1 pair of boots
MR     .....     Clarity  +     (no amulet)
Stlth  ..........               (no ring)
                                (no ring)

@: not resistant to hostile enchantments, extremely unstealthy
A: retaliatory headbutt, horns 2, clarity, deterioration 1, frail 1
a: no special abilities


You were on level 3 of the Dungeon.
You were not hungry.

You visited 1 branch of the dungeon, and saw 3 of its levels.

You collected 155 gold pieces.

Inventory:

Missiles
 a - 28 arrows
 j - 81 bolts
 l - 36 poisoned needles
 m - 88 stones (quivered)
Armour
 b - a +0 robe
 e - a +0 plate armour (worn)
 f - a +1 pair of boots (worn)
Wands
 u - a wand of digging (7/24)
Scrolls
 g - a scroll of random uselessness {unknown}
 h - a scroll of fear {unknown}
 i - a scroll of amnesia {unknown}
 k - a scroll of remove curse {unknown}
 o - 3 scrolls of enchant weapon {unknown}
 p - 2 scrolls of recharging {unknown}
 q - a scroll of enchant armour {unknown}
 r - a scroll of identify {unknown}
 s - a scroll of noise {unknown}
Books
 c - a book of Changes

   Spells                             Type                      Level
   a - Beastly Appendage              Transmutation                1
   b - Sticks to Snakes               Transmutation                2
   c - Spider Form                    Transmutation/Poison         3
   d - Ice Form                       Ice/Transmutation            4
   e - Blade Hands                    Transmutation                5
Comestibles
 d - 3 chunks of flesh
 n - 2 bread rations


   Skills:
 - Level 1.2 Fighting
 - Level 2.1 Dodging
 + Level 6.7 Unarmed Combat
 - Level 1.3 Spellcasting
 - Level 1.5 Transmutations


You had 5 spell levels left.
You knew the following spells:

 Your Spells              Type           Power        Failure   Level  Hunger
a - Beastly Appendage     Trmt           #.....       100%        1    ##.....


Dungeon Overview and Level Annotations

Branches:
Dungeon (3/15)

Altars:
Ashenzari
Gozag

Annotations:
D:2 Sigmund
D:3 Grinder; gorblad's ghost, amateur FeMo


Innate Abilities, Weirdness & Mutations

You reflexively headbutt those who attack you in melee.
You have a pair of horns on your head.
You possess an exceptional clarity of mind.
Your body sometimes deteriorates upon taking damage.
You are frail (-10% HP).


Message History

Unknown command.
Drink which item? (? for menu, Esc to quit)
It was a potion of magic.
Magic courses through your body. Grinder gestures at you.
Pain shoots through your body!
* * * LOW HITPOINT WARNING * * *
Your body deteriorates!
You feel clumsy. Gorblad's ghost hits you.
* * * LOW HITPOINT WARNING * * *
You miss gorblad's ghost. Your headbutt misses gorblad's ghost.
Gorblad's ghost is moderately damaged.
Grinder gestures at you. You resist with significant effort.
You closely miss gorblad's ghost.
Gorblad's ghost is moderately damaged.
Gorblad's ghost hits you but does no damage.
You barely miss gorblad's ghost. Your headbutt misses gorblad's ghost.
Gorblad's ghost is moderately damaged.
Gorblad's ghost hits you.
You die...

#.......##. #.....
....##.####'## ###...
##.# #. ##...## ###.#.
#. ##.##.....## #...#.
. ..#.......## #.####
####.........####...#.
..'.........'......#.
#..W......####.....
#@......## ##..##
##.....########.#
##..........##.#
##5.######.##.# #..#
#.##.# #..######.##.#
##..##....[...#
##...#...##.####
##.........#.#


You could see Grinder and gorblad's ghost.

Vanquished Creatures
  An orc priest (D:3)
  Natasha (thrice) (D:3)
  2 adders (D:3)
  A worm (D:3)
  A dart slug (D:1)
  3 giant geckos
  5 orcs (D:3)
  5 bats
  A giant cockroach (D:1)
  3 goblins
  8 hobgoblins
  7 jackals
  3 kobolds
  A quokka (D:3)
  2 ball pythons
  7 giant newts
  4 rats
57 creatures vanquished.

Notes
Turn   | Place    | Note
--------------------------------------------------------------
     0 | D:1      | Slowtrain the Minotaur Transmuter began the quest for the Orb.
     0 | D:1      | Reached XP level 1. HP: 16/16 MP: 1/1
   338 | D:1      | Reached skill level 4 in Unarmed Combat
   338 | D:1      | Reached XP level 2. HP: 21/23 MP: 3/3
   905 | D:2      | Reached XP level 3. HP: 21/28 MP: 4/4
  1251 | D:2      | Noticed Sigmund
  1290 | D:3      | Noticed gorblad's ghost (amateur FeMo)
  1420 | D:3      | Found an opulent altar of Gozag.
  1491 | D:3      | Found a shattered altar of Ashenzari.
  1509 | D:3      | Reached skill level 5 in Unarmed Combat
  1572 | D:3      | Noticed Natasha
  1584 | D:3      | Killed Natasha
  1584 | D:3      | Reached XP level 4. HP: 30/35 MP: 5/5
  1687 | D:3      | Reached skill level 6 in Unarmed Combat
  1971 | D:3      | Noticed Natasha
  1979 | D:3      | Killed Natasha
  1979 | D:3      | Reached XP level 5. HP: 10/40 MP: 6/6
  2253 | D:2      | Gained mutation: You possess an exceptional clarity of mind. [potion of mutation]
  2253 | D:2      | Gained mutation: Your body sometimes deteriorates upon taking damage. [potion of mutation]
  2253 | D:2      | Gained mutation: You are frail (-10% HP). [potion of mutation]
  2491 | D:3      | Noticed Natasha
  2502 | D:3      | Killed Natasha
  2655 | D:3      | Noticed Grinder
  2687 | D:3      | HP: 1/36 [gorblad's ghost (3)]
  2690 | D:3      | Slain by gorblad's ghost

Vault maps used:
D:1:      lemuel_arrival_funnel
D:2:      roderic_cross_of_infinity, uniq_sigmund
D:3:      ashenzari_altar_1, first_bread, grunt_decor_mini_mirrors,
          nicolae_gozag_seed_capital, uniq_natasha, uniq_grinder

Skill      XL: |  1  2  3  4 |
---------------+-------------+-----
Unarmed Combat | 4 5 6 |  6.7
Fighting       | |  1.2
Dodging        | |  2.1
Spellcasting   | |  1.3
Transmutations | |  1.5

Action                   |  1- 3 |  4- 6 || total
-------------------------+-------+-------++-------
Melee: Unarmed           |   140 |    65 ||   205
Throw: Stone             |    10 |     1 ||    11
  Use: Potion            |     1 |     3 ||     4
  Eat: Chunk             |     2 |     1 ||     3
       Bread ration      |       |     1 ||     1
